[Event "15th Tashkent Open Agzamov 2022"]
[Site "Tashkent"]
[Date "2022.05.05"]
[Round "2.9"]
[White "Madaminov, Mukhiddin"]
[Black "Vokhidov, Shamsiddin"]
[Result "1/2-1/2"]
[ECO "B56"]
[WhiteElo "2308"]
[BlackElo "2536"]
[Annotator "TA"]
[PlyCount "120"]
[EventDate "2022.05.05"]
[EventType "swiss"]
[EventCountry "UZB"]
[SourceTitle "playchess.com"]
[Source "ChessBase"]
[SourceQuality "1"]
[TimeControl "5400+30"]

1. e4 c5 2. Nf3 Nc6 3. Nc3 d6 4. d4 cxd4 5. Nxd4 Nf6 6. f3 e5 7. Nb3 Be7 8. Be3 O-O {[%emt 0:00:51] 8...Be6 is more advanced technology.} 9. Be2 {[%emt 0:00:00] B56: Classical Sicilian: Unusual Lines.} a5 10. Bb5 Be6 (10... d5 $15 11. Nxd5 (11. exd5 Nb4 $11) 11... Nxd5 12. Qxd5 (12. exd5 Nb4 $15) 12... a4 13. Qxd8 (13. Bxc6 axb3 14. Qxd8 Rxd8 $11) 13... Rxd8 14. Bxc6 axb3) 11. O-O Na7 12. Be2 Nc8 13. Qd3 a4 14. Nd2 Nb6 {[%emt 0:00:35] [#] Against Nc4} 15. Bf2 $146 (15. Kh1 $11 {might be stronger.}) ({Predecessor:} 15. Qb5 Nfd7 16. b4 Rc8 17. Nxa4 Nxa4 18. Qxa4 Bg5 19. Bxg5 Qxg5 20. f4 exf4 21. Nf3 {0-1 (53) Reshef,O (2402)-Jojua,D (2579) Jerusalem 2015}) 15... d5 $15 16. exd5 (16. Rfd1 $11) 16... Nbxd5 $17 17. Nxd5 Nxd5 18. Qe4 Nf4 19. Bd3 Nxd3 20. cxd3 Bd5 21. Qe2 Ra6 22. Ne4 ({Much weaker is} 22. Qxe5 Bf6 23. Qf5 a3 $19) 22... a3 23. bxa3 Rxa3 24. d4 exd4 25. Rfd1 (25. Bxd4 $15 {deserves consideration.} Ra4 26. Bf2) 25... f5 26. Ng3 d3 27. Rxd3 Rxd3 28. Qxd3 Bf6 {[%emt 0:00:22] This bishop pair is nice.} 29. Rd1 {[%emt 0:02:55] Qb5 is the strong threat.} Be6 30. Qe2 Qc8 31. Nh5 Bg5 32. h4 Bh6 33. Qb2 Bf7 34. Ng3 Re8 35. Rb1 Re7 36. Qb4 Rc7 (36... Bxa2 $2 37. Ra1 Rd7 38. Rxa2 $18) 37. Qd6 Bxa2 38. Rb5 (38. Re1 $11 Rc6 39. Qe5) 38... Be6 (38... Rd7 $1 $17 39. Qa3 Be6) 39. Re5 (39. Bd4 $11) 39... Rc6 40. Qd4 Rc1+ 41. Kh2 Rc4 42. Qd6 Rc6 ({Much less strong is} 42... Rxh4+ 43. Kg1 Rc4 44. Qxe6+ (44. Rxe6 Rc6 $14) 44... Qxe6 45. Rxe6 $18) 43. Qb4 g6 44. Ne2 Bf8 45. Qe1 Bd6 46. Nd4 Rc5 47. Bg3 Bxe5 48. Bxe5 Bf7 49. f4 Qd8 50. Nf3 {[%emt 0:00:06] [#]} Rc2 $2 (50... Qe7 $1 $19 {White must now prevent ...Bd5.} 51. Qd2 Bd5) 51. Qb1 $1 $15 Qc8 52. Nd4 {[%emt 0:00:16] [#] Against Qc6} (52. Qb6 $15 Rc6 53. Qb4) 52... Rc5 $2 ({Black should play} 52... Ra2 $1 $19 {Hoping for ...Bd5.} 53. Qb6 Bd5) 53. Qb6 $11 {[%emt 0:00:12] The position is equal.} Rc6 54. Nxc6 bxc6 {[%emt 0:00:03][%mdl 4096] Endgame KQB-KQB} 55. Ba1 {[%emt 0:00:49] White threatens Qd4 and mate.} Kf8 56. Qc5+ Ke8 $1 57. Qe5+ Qe6 58. Qb8+ Ke7 59. Qc7+ Kf8 60. Be5 h5 {[%emt 0:00:56] Whites escaped into a draw.  Weighted Error Value: White=0.28 (precise) /Black=0.22 (precise)} 1/2-1/2

[Event "15th Tashkent Open Agzamov 2022"]
[Site "Tashkent"]
[Date "2022.05.05"]
[Round "2.10"]
[White "Rakhimzhan, Alen"]
[Black "Khusnutdinov, Rustam"]
[Result "1-0"]
[ECO "E74"]
[WhiteElo "2248"]
[BlackElo "2472"]
[Annotator "TA RC"]
[PlyCount "59"]
[EventDate "2022.05.05"]
[EventType "swiss"]
[EventCountry "UZB"]
[SourceTitle "playchess.com"]
[Source "ChessBase"]
[SourceQuality "1"]
[TimeControl "5400+30"]

1. d4 Nf6 2. c4 g6 3. Nc3 Bg7 4. e4 d6 5. Be2 O-O 6. Bg5 c5 7. d5 h6 8. Be3 e6 9. Qd2 exd5 10. exd5 Kh7 11. h4 $1 {[%cal Bh2h4,Bh4h5][%mdl 4] is recently more successful than 11.h3. E74: King's Indian: Averbakh Variation: 6...c5.} Re8 12. h5 g5 13. Nf3 {[%cal Of3g5] Strongly threatening Nxg5+! The position is equal.} Ng4 $1 {[#]} 14. Nxg5+ $1 hxg5 15. Bxg5 Bf6 (15... Bxc3 $11 16. bxc3 f6) 16. Bxf6 $16 {Dancing on a razor blade.} Qxf6 17. O-O-O {[#] Rde1 is the strong threat.} Qxf2 $146 (17... Nxf2 $16 {might work better.} 18. Rdf1 Rxe2 19. Nxe2 Nd7) ({Predecessor:} 17... Qh6 18. Bxg4 Bxg4 19. f3 Bd7 20. g4 Qxd2+ 21. Kxd2 f5 22. gxf5 Bxf5 23. Nb5 Rd8 {1-0 (48) Vantika,A (2381)-Bogdanov,E (2427) Budapest 2022}) 18. Rde1 Ne5 (18... Bd7) 19. Ne4 $1 $18 Nxc4 20. Bxc4 Qxd2+ 21. Kxd2 {And now Ng5+ would win.} Rd8 22. Ng5+ Kg7 23. Ref1 f5 24. g4 Rf8 25. Bd3 Kh6 {[#]} (25... Kh8 $142 26. Ne4 c4) 26. Ne4 $1 Re8 (26... Nd7 27. g5+) 27. g5+ Kg7 28. h6+ {White mates.} Kg6 {[#]} 29. h7 $1 Rh8 30. Rh6+ {Weighted Error Value: White=0.23 (precise) /Black=0.84} 1-0

[Event "15th Tashkent Open Agzamov 2022"]
[Site "Tashkent"]
[Date "2022.05.05"]
[Round "3.1"]
[White "Utegaliyev, Azamat"]
[Black "Sindarov, Javokhir"]
[Result "0-1"]
[ECO "B23"]
[WhiteElo "2463"]
[BlackElo "2609"]
[Annotator "TA"]
[PlyCount "128"]
[EventDate "2022.05.05"]
[EventType "swiss"]
[EventCountry "UZB"]
[SourceTitle "playchess.com"]
[Source "ChessBase"]
[SourceQuality "1"]
[TimeControl "5400+30"]

1. e4 c5 2. Nc3 e6 3. Nge2 Nf6 4. g3 b5 5. Bg2 Bb7 $1 6. d3 {[%emt 0:00:18] B23: Closed Sicilian: Lines without g3.} b4 7. Nb1 d5 8. e5 {[%emt 0:01:32] [#] Black has an edge.} Ng4 $146 ({Predecessor:} 8... Nfd7 9. f4 Be7 10. O-O O-O 11. Nd2 a5 12. Nf3 Nc6 13. g4 a4 14. Ng3 Qb6 {0-1 (35) Khalaji,H (2093)-Paravyan,D (2548) St Petersburg 2017}) 9. f4 h5 10. h3 Nh6 {[%emt 0:00:43] Black is more active.} 11. Nd2 Nf5 12. Nf3 Nd7 13. Kf2 Be7 14. g4 Nh4 (14... Bh4+ $6 15. Kg1 Ng3 16. Nxh4 Qxh4 17. Nxg3 Qxg3 18. Qf3 Qxf3 19. Bxf3 $11) 15. Nxh4 Bxh4+ 16. Kg1 g5 17. c3 (17. a3 $1 $15) 17... gxf4 ({Better is} 17... bxc3 $17 18. bxc3 Rb8) 18. d4 ({White should play} 18. Bxf4 $15 Rg8 19. d4) 18... cxd4 (18... Qa5 $1 $17 {Threatens to win with ...bxc3.} 19. Bd2 cxd4 20. cxd4 f3 21. Bxf3 Nxe5 $1 ) 19. cxd4 $15 Qb6 {[%emt 0:00:02] Hoping for ...f3.} (19... hxg4 20. hxg4 Rg8 21. Nxf4 $11) 20. Bxf4 Ba6 21. Bf3 f6 22. exf6 {[%emt 0:01:47] aiming for g5.} e5 $1 $36 {[%emt 0:00:05][%mdl 2048] Black is pushing.} 23. f7+ (23. Rh2 $1 $11 e4 24. Ng3 Bxf6 25. Be2) 23... Kf8 $17 24. Be3 (24. Bxd5 Bxe2 $1 25. Qxe2 Qxd4+ 26. Be3 Qxd5 $17) 24... Nf6 (24... e4 $17 25. Nf4 exf3 26. Qxf3 Rh7 27. Nxd5 (27. Qxd5 Bb7 $17) 27... Rxf7 28. Qxf7+ (28. Nxb6 $2 Rxf3 29. Bh6+ Kg8 $19) 28... Kxf7 29. Nxb6 axb6) 25. Qd2 $2 (25. g5 $1 $11 {and White has nothing to worry.} Nh7 26. Rh2 (26. Bxd5 Rd8 $15) 26... Nxg5 27. Bxd5) 25... e4 $19 26. Bg2 hxg4 (26... Kxf7 27. g5 Nd7 28. Nf4 $11) 27. hxg4 Nxg4 (27... Kxf7 28. Rf1 Bxe2 29. Qxe2 $16) 28. Nf4 (28. Rh3 $142) 28... Rd8 (28... Kxf7 $2 29. Rc1 Qd6 30. Rc5 Nxe3 31. Qxe3) 29. Bh3 $2 (29. Nxd5 $2 Rxd5 30. Rd1 Qf6 $19) (29. Rc1 Kxf7 30. Rc5) 29... Nxe3 30. Ne6+ Kxf7 31. Nxd8+ Bxd8 {[%emt 0:01:55] Really sharp! This bishop pair is nice.} 32. Qxe3 Bf6 (32... Qf6 33. Rh2 Ke7 34. Rf2 $15) 33. Rd1 Bd3 34. Rxd3 exd3 35. Kg2 Rh4 (35... Qxd4 $6 36. Qe6+ Kf8 37. Qc8+ Kg7 38. Qd7+ Kg6 39. Qf5+ Kh6 40. Bg4+ Kg7 41. Qd7+ Kg6 42. Qf5+ Kg7 43. Qd7+ Kg6 44. Qf5+ Kg7 $11) (35... Rg8+ $17 36. Kf3 Bxd4 37. Qxd3 Rg5) 36. Qxd3 ({Avoid the trap} 36. Bd7 $2 Rxh1 37. Kxh1 Qxd4 38. Be6+ Ke7 39. Qxd4 Bxd4 40. Bxd5 Kf6 $17) 36... Qxd4 37. Qxd4 Rxd4 $15 {[%emt 0:00:05][%mdl 4096] Endgame KRB-KRB} ({Don't play} 37... Bxd4 38. Be6+ $1 Kxe6 39. Rxh4 $16) 38. Rc1 Rd2+ 39. Kf3 Bd4 ({Much weaker is} 39... Rxb2 $6 40. Rc7+ Kg6 41. Rxa7 $15) 40. Rc6 Bb6 41. Bf5 Rf2+ 42. Kg4 Ke7 43. Rc2 Rf1 44. Rc6 Rf2 45. Rc2 $1 Rf1 (45... Kf6 $5 46. Rxf2 Bxf2 $17) 46. Rc6 $1 Ra1 47. Re6+ Kf8 48. Re2 Rxa2 49. Be6 Ra5 50. Kf5 Ke7 {[%emt 0:00:07] White must now prevent ...Kd6.} 51. Ke5 Bc7+ $1 52. Kd4 Kd6 $1 53. Bf7 Bb6+ 54. Kd3 Ra1 55. Re6+ Kc5 56. Re5 Rd1+ 57. Kc2 Rd4 58. b3 a5 {[%emt 0:00:15][%cal Oa5a4] And now ...a4! would win.} 59. Rf5 (59. Kb2 $17 {was worth a try.}) 59... a4 $1 $19 60. bxa4 {[%emt 0:02:27] [#]} Kc4 {[%emt 0:00:06] Strongly threatening ...b3+.} 61. Rf3 {[%emt 0:00:21] Inhibits b3+.} Ba5 (61... Rg4 $19 {...Bd4 is the strong threat.} 62. Rf1 Rg3) 62. Kb2 $17 {[%emt 0:01:24] Black is better.} Rd2+ 63. Kc1 {[%emt 0:00:10] [#]} b3 $1 {[%emt 0:00:08] ( -> ...Bc3)} 64. Rf4+ Kc5 {[%emt 0:04:23] Weighted Error Value: White=0.19 (very precise) /Black=0.18 (very precise)} 0-1

[Event "15th Tashkent Open Agzamov 2022"]
[Site "Tashkent"]
[Date "2022.05.05"]
[Round "3.2"]
[White "Suleymenov, Alisher"]
[Black "Sanal, Vahap"]
[Result "1-0"]
[ECO "D37"]
[WhiteElo "2445"]
[BlackElo "2575"]
[Annotator "TA"]
[PlyCount "107"]
[EventDate "2022.05.05"]
[EventType "swiss"]
[EventCountry "UZB"]
[SourceTitle "playchess.com"]
[Source "ChessBase"]
[SourceQuality "1"]
[TimeControl "5400+30"]

1. d4 Nf6 2. c4 e6 3. Nf3 d5 4. Nc3 Be7 5. Bf4 O-O 6. e3 b6 7. Bd3 Bb7 8. cxd5 exd5 9. O-O c5 10. Rc1 {[%emt 0:03:24] D37: Queen's Gambit Declined: 5 Bf4.} (10. Ne5 {seems wilder.} Nc6 11. Qf3 Qc8 12. Rac1) 10... Nbd7 11. Qc2 c4 12. Bf5 {[%emt 0:00:13] White is slightly better.} g6 13. Bh3 a6 {[%emt 0:00:23] [#]} 14. Ne5 $146 ({Predecessor:} 14. b3 b5 15. Nd2 Nh5 16. Bh6 Re8 17. e4 dxe4 18. bxc4 Ndf6 19. Be3 bxc4 20. Nxc4 {0-1 (38) Shidolo,S-Mfune,P Khanty-Mansiysk 2010}) 14... b5 15. Bh6 Re8 16. f4 b4 17. Ne2 Nxe5 18. fxe5 ({Reject} 18. dxe5 Ne4 19. Nd4 Bc5 $17) 18... Ne4 19. Ng3 Nxg3 20. hxg3 {[%emt 0:00:04] With the idea Qf2.} Bg5 21. Bxg5 Qxg5 22. Rf3 Bc6 23. Qd2 a5 24. Rf6 Bb5 25. Qf2 Ra7 26. Rd6 (26. Qf3 $5 ) 26... Rd8 27. Qf4 Qe7 28. Rf6 Kg7 29. Rb6 $36 {[%emt 0:03:46][%mdl 2048] White is really pushing.} Be8 30. e4 dxe4 31. Rxc4 {[%emt 0:00:05] White is more active.} Kg8 32. Qxe4 f5 33. Qe3 h5 $2 {[%emt 0:03:25][%mdl 8192] Inhibits g4. This costs Black the game.} (33... Rad7 $16 {is more resistant.} 34. Kh1 Rd5) 34. Qh6 $18 Qg7 35. Qg5 Rda8 36. Rf6 Kh7 37. d5 Rd8 38. d6 Rad7 39. Rh4 {[%emt 0:01:21][%cal Oh4h5] Rxh5+! is the strong threat.} Kg8 40. Rf4 Rc8 {[%emt 0:00:13] [#]} 41. Rd4 (41. Bxf5 $142 $1 Rc1+ (41... gxf5 42. Qxf5) 42. Kh2 gxf5 43. Qxf5) 41... Rcd8 42. b3 Kh7 43. Rd5 Kg8 44. Rxa5 Rc8 45. Rd5 {[%emt 0:00:15][%cal Ba5d5,Bd5d4,Bd4c4][%mdl 32] aiming for e6.} Rc6 46. Rd4 Kh7 {[%emt 0:00:23] [#]} 47. Kh2 (47. Bxf5 $142 $1 Rc8 (47... gxf5 48. Qxf5+) 48. Qxh5+ Qh6 49. Qxh6+ Kxh6 50. Bxd7 Bxd7 51. e6) 47... Rb6 {[%emt 0:00:20] [#]} 48. Qe3 (48. Bxf5 $142 $1 Rb5 (48... Rbb7 49. Qxh5+) 49. Qxh5+ Qh6 50. Qxh6+ Kxh6 51. Bxd7 Rxe5 52. Bxe8 Rxe8 53. d7) 48... Rb5 49. Rc4 {[%emt 0:00:25] Strongly threatening Rc8.} Rb8 {[%emt 0:00:49] Against Rc8} 50. Qd4 {[%emt 0:00:29] Threatens to win with e6.} Rdb7 51. e6 Kg8 52. d7 Bxd7 53. exd7 Rxd7 {[%emt 0:00:02] [#]} 54. Rxg6 $3 {[%emt 0:00:18][%mdl 512] Weighted Error Value: White=0.17 (very precise) /Black=0.43} 1-0

[Event "15th Tashkent Open Agzamov 2022"]
[Site "Tashkent"]
[Date "2022.05.05"]
[Round "3.3"]
[White "Romanov, Evgeny"]
[Black "Agmanov, Zhandos"]
[Result "1/2-1/2"]
[ECO "A29"]
[WhiteElo "2573"]
[BlackElo "2420"]
[Annotator "TA"]
[PlyCount "99"]
[EventDate "2022.05.05"]
[EventType "swiss"]
[EventCountry "UZB"]
[SourceTitle "playchess.com"]
[Source "ChessBase"]
[SourceQuality "1"]
[TimeControl "5400+30"]

1. c4 Nf6 2. Nc3 e5 3. Nf3 Nc6 4. g3 d5 5. cxd5 Nxd5 6. Bg2 Nb6 7. O-O Be7 8. Rb1 a5 9. d3 O-O {[%emt 0:06:50] A29: English Opening: Four Knights Variation with 4 g3.} 10. Be3 Re8 11. Rc1 Be6 {[%emt 0:06:53] [#] The position is equal.} 12. d4 $146 ({Predecessor:} 12. Nd2 Nd5 {½-½ (12) Czebe,A (2497)-Ruck,R (2535) Hungary 2005}) 12... exd4 (12... e4 {is more complex.} 13. Nxe4 Bxa2 14. b3 a4) 13. Nxd4 Nxd4 14. Qxd4 Qxd4 15. Bxd4 c5 $1 16. Be3 Nc4 17. Bf4 ({Much weaker is} 17. Bxb7 Rab8 18. Bc6 Nxe3 19. fxe3 Rec8 $15) 17... g5 {[%emt 0:02:57] [#]} 18. b3 $1 gxf4 19. bxc4 fxg3 20. hxg3 Bxc4 21. Bxb7 Rab8 22. Bf3 Red8 23. Kg2 Kg7 24. Rh1 h6 25. Rc2 Be6 26. Rh5 Rb4 27. Nd5 Bxd5 28. Rxd5 Rxd5 29. Bxd5 $14 {[%emt 0:00:05][%mdl 4096] Endgame KRB-KRB} Rd4 30. Bc4 Rd6 31. e3 Rb6 32. f4 Rb1 33. Kf3 Rb4 34. g4 {[%emt 0:03:22] White is more active.} Bf6 35. Ke4 Rb2 36. Rc1 Rg2 37. Bd5 Be7 38. Kf5 Re2 39. Rc3 $1 Rd2 40. Bc4 Rb2 41. Ra3 Rb4 42. Bd5 c4 {[%emt 0:01:16] And now ...Rb5 would win.} 43. Rc3 $1 {[%emt 0:05:30] White is better.} (43. Rxa5 c3 44. Bb3 Rxb3 $1 45. axb3 c2 $11) 43... Bf6 44. Rxc4 Rxc4 45. Bxc4 $16 {[%emt 0:00:08] KB-KB} Bb2 46. e4 Kf8 47. e5 Ke7 48. Ke4 Bc1 49. f5 {[%emt 0:00:29] aiming for f6+.} f6 {[%emt 0:00:09] [#]} 50. e6 $1 {[%emt 0:01:14] Weighted Error Value: White=0.02 (flawless) /Black=0.04 (flawless)} 1/2-1/2

[Event "15th Tashkent Open Agzamov 2022"]
[Site "Tashkent"]
[Date "2022.05.05"]
[Round "3.4"]
[White "Abdurakhmonov, Mukhammadali"]
[Black "Van Foreest, Lucas"]
[Result "1/2-1/2"]
[ECO "D10"]
[WhiteElo "2308"]
[BlackElo "2572"]
[Annotator "TA"]
[PlyCount "154"]
[EventDate "2022.05.05"]
[EventType "swiss"]
[EventCountry "UZB"]
[SourceTitle "playchess.com"]
[Source "ChessBase"]
[SourceQuality "1"]
[TimeControl "5400+30"]

1. d4 d5 2. c4 c6 3. cxd5 cxd5 4. Nc3 Nf6 5. Bf4 Nc6 6. e3 a6 7. Bd3 Bg4 8. Nge2 e6 9. h3 Bxe2 {[%emt 0:02:15] D10: Slav Defence: 3 cxd5 (without early Nf3) and 3 Nc3.} 10. Qxe2 h6 11. O-O Bd6 12. Bxd6 Qxd6 {[%emt 0:00:03] [#] The position is equal.} 13. Rac1 $146 ({Predecessor:} 13. f4 O-O 14. a3 b5 15. b4 Rac8 16. Rac1 Rc7 17. g4 Rfc8 18. Qd2 Nd7 19. Bxb5 axb5 20. Nxb5 {1-0 (29) Vifleemskaia,S (1926)-Piliczewski,B (1938) Chess.com INT 2022}) 13... O-O 14. Na4 Nd7 15. Bb1 Rac8 16. Nc5 Nxc5 17. Rxc5 g6 18. Rfc1 Ne7 19. Rxc8 Rxc8 20. Rxc8+ Nxc8 21. g3 Qb6 22. Bd3 Ne7 23. Qd2 Nc6 24. Qc3 Kg7 25. h4 f5 26. Kf1 Kf6 27. Ke2 g5 28. hxg5+ hxg5 29. Qa3 Ne7 30. Qc3 Kf7 31. Kd2 Nc6 32. Ke2 Ke8 33. Bc2 Kd8 34. a3 Ne7 35. Kd2 Nc8 36. Bd3 Nd6 37. b4 Kd7 38. Qc1 Qd8 39. Qh1 Kc7 40. Qh6 Qe7 41. Qh8 g4 42. Kc3 Qd7 43. Kb2 Qe7 44. Kb3 Nf7 45. Qh7 Qe8 46. Qg6 Kb8 47. Kb2 Ka7 48. Kb3 Qd7 49. Qh7 Kb6 50. Qg7 Qe7 51. Bc2 Ka7 52. Bd3 Qe8 53. Qg6 Kb8 54. Kb2 Kc7 55. Qg7 Qd7 56. Kb3 Nd6 57. Qxd7+ Kxd7 $11 {[%emt 0:01:11][%mdl 4096] Endgame KB-KN} 58. a4 Nf7 {[%emt 0:00:46] [#] Hoping for ...Ng5.} 59. Kc3 Ng5 {[%emt 0:00:21] Strongly threatening ...Nh3.} 60. Kd2 $1 Kc7 61. Kd1 Kb6 62. a5+ Kc7 63. Ke2 Kc6 64. Kd2 Nf7 65. Kc2 Nd6 66. Kc3 b6 67. axb6 Kxb6 68. Kb3 Nf7 {[%emt 0:00:36] [#] Threatens to win with ...Ng5.} 69. Kc3 Ng5 {[%emt 0:01:06] And now ...Nh3 would win.} 70. Kd2 $1 Kb7 71. Kd1 Ka7 72. Ke1 Kb6 73. Kd2 Kb7 74. Kd1 Nf7 75. Kc2 Kb6 76. Kd1 a5 77. bxa5+ Kxa5 {[%emt 0:00:04] An interesting draw.  Weighted Error Value: White=0.01 (flawless) /Black=0.01 (flawless)} 1/2-1/2

[Event "15th Tashkent Open Agzamov 2022"]
[Site "Tashkent"]
[Date "2022.05.05"]
[Round "3.5"]
[White "Indjic, Aleksandar"]
[Black "Rakhimzhan, Alen"]
[Result "1-0"]
[ECO "D30"]
[WhiteElo "2621"]
[BlackElo "2248"]
[Annotator "TA"]
[PlyCount "143"]
[EventDate "2022.05.05"]
[EventType "swiss"]
[EventCountry "UZB"]
[SourceTitle "playchess.com"]
[Source "ChessBase"]
[SourceQuality "1"]
[TimeControl "5400+30"]

1. d4 d5 2. c4 e6 3. Nf3 a6 4. Bg5 Be7 5. Bxe7 Qxe7 6. Nbd2 {[%emt 0:00:07] D30: Queen's Gambit Declined: Systems without Nc3.} Nf6 7. Rc1 O-O 8. Qc2 $5 {[%emt 0:00:06][%mdl 4] The position is equal. An interesting side line.} c6 9. e3 Nbd7 10. Bd3 e5 {[%emt 0:10:30] And now ...e4 would win.} 11. cxd5 cxd5 {[%emt 0:00:14] Threatens to win with ...e4.} 12. Nxe5 Nxe5 13. dxe5 Qxe5 14. Nf3 {[%emt 0:00:30] [#] Against d4} Qe7 $146 ({Predecessor:} 14... Qh5 15. O-O Bh3 16. Qc7 Rac8 17. Qf4 Qg4 18. Qxg4 Bxg4 19. Nd4 Rxc1 20. Rxc1 Rc8 {½-½ (63) Wojtaszek,R (2734)-Bartel,M (2637) Poland 2017}) 15. Nd4 Be6 16. O-O Rac8 {[%emt 0:02:12] Against Qc7} 17. Qb3 Rc7 18. h3 Rfc8 19. Rcd1 Nd7 20. Bb1 Nc5 21. Qc2 Ne4 22. Qe2 Nf6 (22... Bd7 {keeps more tension.} 23. Qh5 Rc5 24. Nb3 g6) 23. a3 Bd7 24. Qd2 Ne4 25. Bxe4 dxe4 26. Rc1 Qd6 27. Rxc7 Rxc7 28. Rc1 Rxc1+ 29. Qxc1 g6 30. Qc2 Qd5 31. Qc7 Bb5 32. b3 Bd3 ({Better is} 32... h5 $14) 33. Kh2 ({White should play} 33. f4 $1 $16 ) 33... h5 $14 34. Qe7 Kg7 35. g4 hxg4 36. hxg4 Kg8 37. Kg3 Qa5 38. Kh4 Qe1 $2 (38... Qd2 $11 39. Qe8+ Kg7 40. Ne6+ fxe6 41. Qe7+ Kg8 42. Qxe6+ Kg7 43. Qd7+ Kg8 44. Qe6+ (44. Kg5 Qc3 $11) 44... Kg7 45. Qe7+ Kg8 46. Qd8+ (46. Kg5 Bb5 $11) 46... Kh7 47. Qe7+ Kg8 48. Qe8+ (48. Kg5 Bb5 $11) 48... Kg7 49. Qe7+ Kg8) 39. Qf6 $2 (39. Qe8+ $1 $18 Kg7 40. Ne6+ (40. Qe5+ Kh7 $11) 40... Kf6 41. g5+ Ke5 42. Nd4+ Kd5 43. Qd8+ Ke5 44. Qf6+ Kd5 45. Qxf7+ Kd6 46. Qxg6+ Kc7 47. Qf7+ Kb6 48. g6 Qh1+ 49. Kg5 Qg1+ 50. Kf6 Qxf2+ 51. Ke7 Qxe3 52. Ne6) 39... Qc1 $2 (39... Qa5 $11) 40. b4 $2 (40. Qd8+ $1 {mates} Kh7 41. Kg5 Qe1 42. Qf6 Qa5+ 43. Nf5 $1 gxf5 44. Qxf7+ Kh8 45. Qe8+ Kg7 46. Qe7+ Kh8 47. b4) 40... Qc7 $11 41. f4 {[%emt 0:09:06] Hoping for f5.} exf3 $1 42. Nxf3 Bc4 43. Kg5 Kh7 44. Kh4 Kg8 45. Qd4 Be6 46. Nd2 Qh2+ 47. Kg5 Qh3 48. Qf4 Kg7 49. Qd4+ Kg8 50. a4 b5 51. a5 Kh7 52. Ne4 Qxg4+ 53. Kf6 {[%emt 0:00:02] Threatening mate with Ke7.} Qf5+ $1 54. Ke7 {[%emt 0:00:02][%mdl 1024] White has compensation. Active counter play!} g5 55. Kf8 Qg6 {[%emt 0:00:24] Prevents Qg7+. ...f5 is the strong threat.} 56. Nf6+ Kh6 $1 57. Qa1 Qg7+ 58. Ke7 Qg6 $2 (58... Kg6 $11 59. Qd4 Bf5) 59. Qh1+ $18 Kg7 60. Nh5+ Kh7 (60... Kg8 {is a self mate.} 61. Qa8+) 61. Nf6+ {[%emt 0:01:22][%mdl 64] Discovered Attack (Double check)} Kg7 {[%emt 0:00:04] [#]} 62. Ne8+ $1 Kg8 {[%emt 0:00:27] [#]} 63. Qa8 $1 {[%emt 0:00:34] White threatens Nf6+ and mate. White is clearly winning.} Bc8 64. Qxc8 {[%emt 0:00:12] Intending Nf6+ and mate.} Qe4+ 65. Kf6 {[%emt 0:02:03] Nd6+ would kill now.} Qf3+ 66. Qf5 Qc6+ 67. Ke7 Qb7+ 68. Kd6 Qb8+ 69. Nc7 Qf8+ 70. Kd7 Qxb4 71. Qxg5+ Kf8 72. Nd5 {[%emt 0:00:14] Weighted Error Value: White=0.32/Black=0.19 (very precise)} 1-0